 Dungeon Crawl Stone Soup version 0.28.0-43-g3370ac3207 (webtiles) character file.

Game seed: 6777716099809853243

496 demenzo the Cutter (level 7, 0/49 HPs)
             Began as an Octopode Cinder Acolyte on Mar 31, 2022.
             Was an Elder of Ignis.
             Slain by a water moccasin skeleton (3 damage)
             ... on level 5 of the Dungeon.
             The game lasted 00:08:50 (5703 turns).

demenzo the Cutter (Octopode Cinder Acolyte)        Turns: 5703, Time: 00:08:50

Health: 0/49       AC:  8    Str: 13    XL:     7   Next: 15%
Magic:  8/8        EV: 12    Int: 25    God:    Ignis [****..]
Gold:   151        SH:  0    Dex: 13    Spells: 6/8 levels left

rFire   + . .      SeeInvis .   a - +2 great sword (drain)
rCold   . . .      Faith    .   (shield currently unavailable)
rNeg    . . .      Spirit   .   (helmet restricted)
rPois   .          Reflect  .   (no amulet)
rElec   .          Harm     .   e - +6 ring of dexterity
rCorr   .          Rampage  .   j - +6 ring of intelligence
Will    .....                   (no ring)
Stlth   ++++......              (no ring)
HPRegen 0.16/turn               (no ring)
MPRegen 0.11/turn               (no ring)
                                (no ring)
                                (no ring)

@: fiery-armoured
A: almost no armour, amphibious, 8 rings, camouflage 1, gelatinous body 1,
(nimble swimmer 1), tentacles
a: Renounce Religion, Fiery Armour, Foxfire Swarm, Rising Flame


You were on level 5 of the Dungeon.
You worshipped Ignis.
Ignis was greatly pleased with you.
You visited 1 branch of the dungeon, and saw 5 of its levels.

You collected 151 gold pieces.

Inventory:

Hand Weapons
 a - a +2 great sword of draining (weapon)
 x - a -1 short sword of flaming
 y - a +0 shortbow
Missiles
 b - 119 stones (quivered)
 h - 3 poisoned darts
 n - 56 bolts
 v - 3 boomerangs
 z - 13 arrows
Magical Staves
 s - a staff of poison
Jewellery
 e - a +6 ring of dexterity (left tentacle)
 j - a +6 ring of intelligence (right tentacle)
 t - a ring of flight
Wands
 m - a wand of acid (8)
 q - a wand of flame (29)
Scrolls
 d - 3 scrolls of teleportation
 g - 2 scrolls of blinking {unknown}
 k - a scroll of summoning {unknown}
 o - 2 scrolls of identify {unknown}
 r - 2 scrolls of fear
 w - a scroll of magic mapping {unknown}
 A - a scroll of torment {unknown}
Potions
 c - 2 potions of haste {unknown}
 f - 4 potions of curing {unknown}
 i - 2 potions of might {unknown}
 l - a potion of flight {unknown}
 p - 2 potions of heal wounds {unknown}
 u - 2 potions of berserk rage {unknown}


   Skills:
 + Level 4.4 Fighting
 * Level 5.5 Short Blades
 + Level 4.3 Stealth
 - Level 1.0 Spellcasting
 + Level 4.3 Fire Magic


You had 6 spell levels left.
You knew the following spells:

 Your Spells              Type           Power      Damage    Failure   Level
a - Scorch                Fire           46%        2d7       3%          2

Your spell library contained the following spells:

 Spells                   Type           Power      Damage    Failure   Level
 Ensorcelled Hibernation  Hex/Ice        2%         N/A       19%         2
 Passwall                 Tmut/Erth      0%         N/A       19%         2
 Swiftness                Air            1%         N/A       36%         3


Dungeon Overview and Level Annotations

Branches:
Dungeon (5/15)
 Temple: D:4-7

Altars:
Cheibriados
Hepliaklqana
Vehumet
Yredelemnul

Shops:
D:2 (


Innate Abilities, Weirdness & Mutations

You cannot wear most types of armour.
You are amphibious.
You can wear up to eight rings at the same time.
Your skin changes colour to match your surroundings (Stealth+).
Your rubbery body absorbs attacks. (AC +1, EV +1)
((You are camouflaged when in or above water. (Stealth+)))
You have tentacles for arms and can constrict up to eight enemies at once.


Message History

A white imp comes into view.
A white imp is nearby!
The white imp shouts, "Get thee gone, thou gleeking dread-bolted jarkman!"
The white imp gestures at you. The puff of frost hits you!
A water moccasin skeleton comes into view.
The white imp barely misses you.
You hit the white imp but do no damage. Your grab misses the white imp.
The white imp gestures at you. The puff of frost hits you!
The white imp closely misses you.
You closely miss the white imp. Your grab misses the white imp.
The white imp closely misses you.
You hit the white imp but do no damage. Your grab misses the white imp.
The white imp gestures at you. The puff of frost hits you!
The white imp closely misses you.
The water moccasin skeleton closely misses you.
You are too injured to fight recklessly!
You are too injured to fight recklessly!
You closely miss the white imp. You grab the white imp.
You squeeze the white imp!
The white imp is almost dead.
You constrict the white imp.
The water moccasin skeleton bites you but does no damage.
The white imp gestures at you. The puff of frost hits you!
* * * LOW HITPOINT WARNING * * *
You hit the white imp.
You kill the white imp!
The water moccasin skeleton closely misses you. x2
Unknown command.
You hit the water moccasin skeleton.
Your grab misses the water moccasin skeleton.
You squeeze the water moccasin skeleton!
The water moccasin skeleton is heavily damaged.
The water moccasin skeleton closely misses you.
The water moccasin skeleton bites you.
* * * LOW HITPOINT WARNING * * *
A protective cloak of flame settles atop you.
The water moccasin skeleton bites you.
You die...

#..............
#..............
#..............
#..............
#..............
#..............
###.....######...
.#######.......#....#...
.......@.......'....#...
......Z........#....#...
...............#....#...
...............#....#...
...............#....#...
...............'..).'...
....######.....#...)#...
.... #.....#....#...
#.....#.)..#...


You could see a water moccasin skeleton.

Vanquished Creatures
  A centaur (D:5)
  A bullfrog zombie (D:5)
  A hound (D:5)
  An orc priest (D:3)
  A gnoll shaman (D:4)
  3 iguanas (D:4)
  A howler monkey zombie (D:5)
  6 gnolls
  5 adders
  A white imp (D:5)
  An ufetubus (D:5)
  An adder skeleton (D:4)
  4 worms
  A dart slug (D:2)
  4 orcs
  5 bats
  7 endoplasms
  2 giant cockroaches (D:3)
  16 goblins
  3 hobgoblins
  5 kobolds
  2 quokkas
  9 ball pythons
  3 frilled lizards
  6 rats
  A spectral hobgoblin (D:4)
91 creatures vanquished.

Vanquished Creatures (others)
  11 foxfires (D:5)
11 creatures vanquished.

Grand Total: 102 creatures vanquished

Notes
Turn   | Place    | Note
-------+----------+-------------------------------------------
     0 | D:1      | demenzo the Octopode Cinder Acolyte began the quest for the
                  | Orb.
     0 | D:1      | Reached XP level 1. HP: 16/16 MP: 2/2
   156 | D:1      | Found a faded altar of an unknown god.
   156 | D:1      | Noticed a tormentor
   447 | D:1      | Reached XP level 2. HP: 17/21 MP: 3/3
   566 | D:1      | Reached skill level 1 in Stealth
   705 | D:1      | Learned a level 2 spell: Scorch
  1152 | D:2      | Reached XP level 3. HP: 26/26 MP: 4/4
  1614 | D:2      | Found Fypsipuo's Antique Weapon Shop.
  1702 | D:2      | Reached XP level 4. HP: 26/31 MP: 5/5
  2173 | D:3      | Found a basalt altar of Yredelemnul.
  2657 | D:3      | Reached skill level 4 in Short Blades
  2960 | D:4      | Reached XP level 5. HP: 26/36 MP: 6/6
  3391 | D:4      | Found a snail-covered altar of Cheibriados.
  3542 | D:4      | Found a hazy altar of Hepliaklqana.
  3712 | D:3      | Reached XP level 6. HP: 20/43 MP: 2/7
  4481 | D:5      | Entered Level 5 of the Dungeon
  4510 | D:5      | Found a radiant altar of Vehumet.
  4812 | D:5      | Reached skill level 5 in Short Blades
  4968 | D:5      | Reached XP level 7. HP: 11/49 MP: 8/8
  5703 | D:5      | Slain by a water moccasin skeleton

Illustrated notes

Levels and vault maps discovered:
D:1:      tarquinn_simple_flora_water_b, layout_loops_ring,
          dreamdust_ecumenical_altar_sealed_demon, grunt_decor_junction,
          minmay_distorted
D:2:      layout_basic, serial_shops, nicolae_shop_window_shopping
D:3:      layout_rooms, mainiacjoe_overflow_alcove_2
D:4:      layout_cave_pools, nicolae_hepliaklqana_monster_ancestors,
          mainiacjoe_overflow_24_doors
D:5:      layout_gridville, fiery_altar_vehumet, led_sif_pool

Skill      XL: |  1  2  3  4  5  6 |
---------------+-------------------+-----
Stealth        | 1 2 3 4 |  4.3
Short Blades   | 4 5 |  5.5
Fighting       | 4 |  4.4
Fire Magic     | 4 |  4.3
Spellcasting   | |  1.0

Action                   |  1- 3 |  4- 6 |  7- 9 || total
-------------------------+-------+-------+-------++-------
Melee: Short sword       |    70 |   104 |     5 ||   179
       Constrict         |    16 |    20 |     3 ||    39
       Tentacles         |    13 |    24 |     3 ||    40
       Punch             |     2 |     2 |       ||     4
       Great sword       |       |       |    10 ||    10
 Cast: Scorch            |       |    13 |       ||    13
Invok: Fiery Armour      |       |     1 |     1 ||     2
       Foxfire Swarm     |       |     1 |       ||     1
  Use: Scroll            |       |     2 |       ||     2
 Stab: Sleeping          |     6 |    10 |       ||    16
Armor: Skin              |     5 |    10 |     1 ||    16
Dodge: Dodged            |    31 |    44 |    11 ||    86
